 Dungeon Crawl Stone Soup version 0.22.0-27-ga576289 (webtiles) character file.

5068 iamserjio the Grappler (level 10, -3/94 HPs)
             Began as a Troll Fighter on Aug 22, 2018.
             Was a Believer of Cheibriados.
             Slain by a manticore (14 damage)
             ... on level 10 of the Dungeon.
             The game lasted 00:20:04 (2288 turns).

iamserjio the Grappler (Troll Fighter)              Turns: 2288, Time: 00:20:05

Health: -3/94      AC:  7    Str: 36    XL:     10   Next: 31%
Magic:  11/11      EV: 10    Int: 12    God:    Cheibriados [**....]
Gold:   244        SH: 12    Dex: 14    Spells: 9/9 levels left

rFire    + . .     SeeInvis .     - Unarmed
rCold    + . .     Gourm    +   b - +0 shield
rNeg     . . .     Faith    .   m - +2 robe {rC+ rF+}
rPois    .         Spirit   .   (helmet restricted)
rElec    .         Reflect  .   s - scarf {repulsion}
rCorr    .         Harm     .   (gloves unavailable)
MR       .....                  (boots unavailable)
Stlth    +.........             (no amulet)
HPRegen  0.65/turn              (no ring)
MPRegen  0.12/turn              (no ring)

@: mighty, repel missiles, very slow
A: large, unfitting armour, claws 3, fast metabolism 3, gourmand, regeneration
1, shaggy fur 1, tough skin 2
a: Bend Time, Renounce Religion


You were on level 10 of the Dungeon.
You worshipped Cheibriados.
Cheibriados was pleased with you.
You were very full.

You visited 2 branches of the dungeon, and saw 11 of its levels.
You also visited: Sewer.

You collected 244 gold pieces.

Inventory:

Hand Weapons
 k - a +0 blowgun
 v - a cursed -3 war axe
 A - a cursed +3 morningstar
 C - a +0 eveningstar
Missiles
 l - 14 poisoned needles
Armour
 a - a +0 robe
 b - a +0 shield (worn)
 m - a +2 robe of resistance (worn)
 s - a scarf of repulsion (worn)
Wands
 r - a wand of paralysis (4)
 z - a wand of clouds (3)
 B - a wand of flame (12)
Scrolls
 e - a scroll of immolation {unknown}
 g - 6 scrolls of remove curse {@r2}
 h - 3 scrolls of teleportation
 i - 2 scrolls of blinking {unknown}
 j - 2 scrolls of identify {unknown}
 n - a scroll of enchant weapon {unknown}
 t - 2 scrolls of magic mapping {unknown}
 w - 2 scrolls of enchant armour {unknown}
 x - 2 scrolls of amnesia {unknown}
 y - a scroll of noise {unknown}
Potions
 c - 2 potions of might
 f - 2 potions of brilliance
 o - a potion of curing {@q1}
 p - 2 potions of berserk rage {unknown}
 q - a potion of heal wounds
 u - a potion of magic {unknown}
Comestibles
 d - 6 rations


   Skills:
 + Level 4.4 Fighting
 - Level 2.4 Dodging
 + Level 7.1 Shields
 * Level 11.3 Unarmed Combat
 + Level 3.8 Invocations
 - Level 1.1 Evocations


You had 9 spell levels left.
You didn't know any spells.
Your spell library contained the following spells:

 Spells                   Type           Power        Failure   Level  Hunger
 Animate Skeleton         Necr           N/A          43%         1    ##.....
 Apportation              Tloc           #.....       43%         1    ##.....
 Confusing Touch          Hex            #.....       43%         1    ##.....
 Summon Small Mammal      Summ           #...         43%         1    ##.....


Dungeon Overview and Level Annotations

Branches:
Dungeon (10/15)            Temple (1/1) D:5            Lair (0/6) D:10
    Orc: D:9-12

Altars:
Ashenzari
Cheibriados
Dithmenos
Gozag
Hepliaklqana
Kikubaaqudgha
Makhleb
Nemelex Xobeh
Ru
Sif Muna
Trog
Uskayaw
Vehumet
Wu Jian
Xom
Yredelemnul
Zin
The Shining One

Shops:
D:6 [

Annotations:
D:10 exclusion: oklob plant


Innate Abilities, Weirdness & Mutations

You are too large for most types of armour.
You have claws for hands.
Your metabolism is lightning-fast.
You like to eat raw meat.
Your natural rate of healing is unusually fast.
You are covered in fur. (AC +1)
You have very tough skin. (AC +2)


Message History

The manticore claws you.
* * * LOW HITPOINT WARNING * * *
You barely miss the manticore.
The manticore is heavily wounded.
You scratch the manticore.
The manticore is heavily wounded.
You block the manticore's attack. The manticore claws you!
* * * LOW HITPOINT WARNING * * *
The manticore claws you but does no damage.
You closely miss the manticore.
The manticore is heavily wounded.
You block the manticore's attack. The manticore claws you!
* * * LOW HITPOINT WARNING * * *
You block the manticore's attack.
You feel better.
You carefully extract the barbed spikes from your body.
The manticore barely misses you. The manticore claws you.
* * * LOW HITPOINT WARNING * * *
The manticore claws you!
You die...

#.#.# #..#..#..#). #. #.#.#
#..Y..#..... #.##.#.#
#.)lo.#.....
#.#.##.#.###################
#.#.##.#..........(..)......
#.#.##.#...........%.))...).
#.#.##.#.###################
#####.#.#....#....).#.....#.....
............>#.@....#.....#.....
######.#<...#.#H###..#..#..#..#..
...)))†..)....#§T$#..#..#..#..#..
######.##.###.#.[.#.....#.....#..
.......##.....#[($#.....#.....#..
.......######.###################
.......'....... .♣.....######.#
.......###


You could see a manticore.

Vanquished Creatures
  A hydra (D:7)
  An ugly thing (D:9)
  A troll (D:10)
  2 hippogriffs
  A wyvern (D:8)
  2 orc warriors
  3 ice beasts
  4 sky beasts
  4 ogres
  3 centaurs
  3 big kobolds (Sewer)
  2 bullfrogs
  A gnoll sergeant (D:10)
  4 wights (D:8)
  5 howler monkeys (D:8)
  2 centaur zombies
  2 crimson imps
  A jelly (D:10)
  2 orc priests
  3 orc wizards
  A bullfrog skeleton (D:8)
  5 hounds
  2 iguanas
  A worker ant (D:10)
  A killer bee zombie (D:8)
  A hound skeleton (D:5)
  4 gnolls (D:10)
  A river rat (Sewer)
  10 adders
  2 oozes (Sewer)
  An adder zombie (D:6)
  2 worms
  A dart slug (D:2)
  5 leopard geckos
  14 orcs
  3 ball pythons
  3 bats
  5 giant cockroaches
  2 goblins (D:3)
  5 hobgoblins
  5 jackals
  5 kobolds
  3 frilled lizards
  6 rats
135 creatures vanquished.

Notes
Turn   | Place    | Note
-------+----------+-------------------------------------------
     0 | D:1      | iamserjio the Troll Fighter began the quest for the Orb.
     0 | D:1      | Reached XP level 1. HP: 22/22 MP: 0/0
    78 | D:2      | Found a shimmering altar of Xom.
    78 | D:2      | Found an opulent altar of Gozag.
    78 | D:2      | Found a sparkling altar of Nemelex Xobeh.
   167 | D:2      | Reached XP level 2. HP: 29/29 MP: 1/1
   294 | D:3      | Reached skill level 3 in Unarmed Combat
   340 | D:3      | Found a sacrificial altar of Ru.
   366 | D:3      | Reached XP level 3. HP: 17/36 MP: 2/2
   402 | D:2      | Reached XP level 4. HP: 22/44 MP: 3/3
   459 | D:4      | Reached skill level 4 in Unarmed Combat
   565 | D:5      | Entered Level 5 of the Dungeon
   599 | D:5      | Noticed a sky beast
   615 | D:5      | Killed a sky beast
   615 | D:5      | Reached skill level 5 in Unarmed Combat
   615 | D:5      | Reached XP level 5. HP: 49/50 MP: 4/4
   625 | D:6      | Found Exkawk's Antique Armour Emporium.
   770 | D:5      | Found a glowing drain.
   777 | Sewer    | Entered a sewer
   843 | Sewer    | Reached XP level 6. HP: 58/59 MP: 5/5
   928 | Sewer    | Reached skill level 6 in Unarmed Combat
  1099 | D:6      | Reached XP level 7. HP: 66/66 MP: 6/6
  1157 | D:7      | Found a sacrificial altar of Ru.
  1200 | D:7      | Reached skill level 7 in Unarmed Combat
  1218 | D:7      | Noticed a hippogriff
  1233 | D:7      | Killed a hippogriff
  1263 | D:7      | Reached skill level 5 in Shields
  1298 | D:7      | Reached XP level 8. HP: 32/74 MP: 7/7
  1300 | D:7      | Reached skill level 8 in Unarmed Combat
  1330 | D:7      | Noticed an eight-headed hydra
  1344 | D:7      | Killed a 16-headed hydra
  1344 | D:7      | Reached skill level 9 in Unarmed Combat
  1477 | D:5      | Found a shattered altar of Ashenzari.
  1501 | D:5      | Found a staircase to the Ecumenical Temple.
  1510 | Temple   | Entered the Ecumenical Temple
  1535 | Temple   | Became a worshipper of Cheibriados the Contemplative
  1584 | D:5      | Reached XP level 9. HP: 80/80 MP: 8/8
  1643 | D:5      | Found a bloodstained altar of Trog.
  1718 | D:7      | Reached skill level 1 in Invocations
  1865 | D:8      | Reached skill level 10 in Unarmed Combat
  1887 | D:8      | Reached * piety under Cheibriados
  2024 | D:9      | Found a radiant altar of Vehumet.
  2025 | D:9      | Noticed a red ugly thing
  2038 | D:9      | Killed a red ugly thing
  2124 | D:10     | Entered Level 10 of the Dungeon
  2128 | D:10     | Noticed an oklob plant
  2135 | D:10     | Found a staircase to the Lair.
  2162 | D:10     | Reached XP level 10. HP: 71/92 MP: 11/11
  2164 | D:10     | Reached skill level 11 in Unarmed Combat
  2175 | D:9      | Noticed a deep elf mage
  2180 | D:10     | Reached ** piety under Cheibriados
  2258 | D:10     | Reached skill level 1 in Evocations
  2277 | D:10     | Noticed a manticore
  2288 | D:10     | Slain by a manticore

Skill      XL: |  1  2  3  4  5  6  7  8  9 10 |
---------------+-------------------------------+-----
Unarmed Combat | 3 5 6 7 9 10 11 | 11.3
Shields        | 3 4 5 6 7 |  7.1
Invocations    | 3 |  3.8
Fighting       | 4 |  4.4
Evocations     | 1 |  1.1
Dodging        | |  2.4

Action                   |  1- 3 |  4- 6 |  7- 9 | 10-12 || total
-------------------------+-------+-------+-------+-------++-------
Melee: Unarmed           |    42 |   127 |   232 |    46 ||   447
Evoke: Wand              |       |       |     5 |     1 ||     6
  Use: Potion            |       |       |     3 |     4 ||     7
       Scroll            |       |       |     2 |       ||     2
 Stab: Paralysed         |     1 |       |    11 |       ||    12
  Eat: Chunk             |     1 |     6 |    19 |       ||    26
Armor: Robe              |     7 |    40 |    51 |    11 ||   109
Dodge: Dodged            |    12 |    25 |    64 |    23 ||   124
       Deflected         |       |       |     3 |     1 ||     4
Block: Shield            |    11 |    52 |    84 |    37 ||   184
